 Dungeon Crawl Stone Soup version 0.30-a0-393-g54b8e3be05 (webtiles) character file.

Game seed: 15047994527226524423

872 lunkers the Basher (level 8, -5/66 HPs)
             Began as a Meteoran Fighter on Dec 5, 2022.
             Was an Initiate of Ashenzari.
             Slain by a gnoll
             ... wielding a +0 halberd
             ... led by a gnoll sergeant
              (6 damage)
             ... on level 6 of the Dungeon.
             The game lasted 00:05:21 (1757 turns).

lunkers the Basher (Meteoran Fighter)               Turns: 1757, Time: 00:05:21

Health: -5/66      AC: 10    Str: 17    XL:     8   Next: 48%
Magic:  9/9        EV:  9    Int: 10    God:    Ashenzari [......]
Gold:   240        SH:  0    Dex: 16    Spells: 7/7 levels left

rFire   . . .      SeeInvis .    a - +11 war axe of Cremastomancy {venom, *Noise rElec Will++, Melee, Self} (curse)
rCold   + . .      Faith    .    r - orb {light}
rNeg    . . .      Spirit   .    l - +2 scale mail {rC+}
rPois   .          Reflect  .    (no helmet)
rElec   +          Harm     .    (no cloak)
rCorr   +          Rampage  .    o - +0 pair of gloves
Will    +++..                    (no boots)
Stlth   ..........               (no amulet)
HPRegen 0.31/turn                g - ring of resist corrosion
MPRegen 0.11/turn                (no ring)

@: brilliant, lethally poisoned (-5 -> -12), attractive, glowing
A: sense surroundings 1, otherworldly, glowing, explore regen
a: Renounce Religion, Shatter the Chains


You were on level 6 of the Dungeon.
You worshipped Ashenzari.
Ashenzari was noncommittal.
You visited 1 branch of the dungeon, and saw 6 of its levels.

You collected 240 gold pieces.

Inventory:

Hand Weapons
 a - the cursed +11 war axe of Cremastomancy (weapon) {venom, *Noise rElec Will++, Melee, Self}
   (You found it on level 5 of the Dungeon)

   It poisons the flesh of those it strikes.
   rElec:     It insulates you from electricity.
   *Noise:    It may make noises in combat.
   Will:      It greatly increases your willpower.
   It has a curse which improves the following skills: Melee Combat: Short
   Blades, Long Blades, Axes, Maces & Flails, Polearms, Staves and Unarmed
   Combat.
   Introspection: Fighting and Spellcasting.
 d - a +2 vorpal flail
 w - a +0 flail
Armour
 c - a +0 buckler
 l - a +2 scale mail of cold resistance (worn)
 o - a +0 pair of gloves (worn)
 r - an orb of light (worn)
Jewellery
 g - a ring of resist corrosion (left hand)
Wands
 p - a wand of polymorph (2)
Scrolls
 b - 2 scrolls of noise {unknown}
 f - 5 scrolls of teleportation {unknown}
 h - 2 scrolls of enchant armour {unknown}
 i - a scroll of summoning {unknown}
 j - 3 scrolls of identify {unknown}
 k - 4 scrolls of immolation {unknown}
 n - a scroll of magic mapping {unknown}
 s - a scroll of poison {unknown}
 u - a scroll of acquirement {unknown}
 v - a scroll of butterflies {unknown}
Potions
 e - 2 potions of attraction
 t - a potion of degeneration {unknown}


   Skills:
 - Level 3.2(3.6) Fighting
 + Level 4.3(7.9) Axes
 - Level 10.7(11.5) Maces & Flails
 - Level 3.6 Armour
 - Level 3.6 Shields


You had 7 spell levels left.
You didn't know any spells.
Your spell library contained the following spells:

 Spells                   Type           Power      Damage    Failure   Level
 Magic Dart               Conj           0%         1d3       77%         1
 Sandblast                Erth           0%         2d4       77%         1
 Passwall                 Tmut/Erth      0%         N/A       88%         2
 Searing Ray              Conj           0%         2d4       88%         2
 Call Canine Familiar     Summ           0%         N/A       98%         3
 Portal Projectile        Hex/Tloc       0%         N/A       98%         3
 Stone Arrow              Conj/Erth      0%         3d7       98%         3
 Cause Fear               Hex            0%         N/A       100%        4
 Fulminant Prism          Conj/Hex       0%         3d5       100%        4
 Leda's Liquefaction      Hex/Erth       0%         N/A       100%        4
 Dragon Form              Tmut           0%         N/A       100%        7
 Dragon's Call            Summ           0%         N/A       100%        9


Dungeon Overview and Level Annotations

Branches:
Dungeon (6/15) Zot: 1814
 Temple: D:4-7

Altars:
Ashenzari
Hepliaklqana


Innate Abilities, Weirdness & Mutations

You passively map a small area around you.
You are easily found by Zot.
You glow in the dark.
You regain HP and MP as you explore.


Message History

The gnoll sergeant hits you with a +0 spear of venom.
* * * LOW HITPOINT WARNING * * *
You are more poisoned.
You hit the gnoll sergeant.
The gnoll sergeant is almost dead.
You slash the gnoll!
The gnoll is poisoned.
* * * LOW HITPOINT WARNING * * *
You feel extremely sick.
You kill the gnoll!
The gnoll hits you but does no damage. The gnoll closely misses you.
The gnoll sergeant completely misses you.
You slash the gnoll sergeant!
You kill the gnoll sergeant!
* * * LOW HITPOINT WARNING * * *
You feel very sick.
The gnoll hits you from afar with a +0 spear.
* * * LOW HITPOINT WARNING * * *
The gnoll hits you from afar with a +0 spear.
* * * LOW HITPOINT WARNING * * *
Your base Axes skill increases to level 4!
It was a potion of attraction.
You feel attractive to monsters.
* * * LOW HITPOINT WARNING * * *
You feel very sick. The gnoll hits you but does no damage.
The gnoll hits you from afar with a +0 spear.
* * * LOW HITPOINT WARNING * * *
The gnoll is attracted toward you.
Okay, then.
Okay, then.
It was a potion of brilliance.
You feel clever all of a sudden.
* * * LOW HITPOINT WARNING * * *
You feel very sick. The gnoll barely misses you.
The gnoll is attracted toward you. x2
It was a potion of magic.
Magic courses through your body.
* * * LOW HITPOINT WARNING * * *
You feel very sick.
The gnoll hits you from afar with a +0 halberd.
You die...

##.##..## #...#
##......# #####...#####,
#####...###...........#.
,
#####...................
,
........###...........##
, ######.##
#####.$.##### , #.#
#...# #.# #...# * #.#
#.@g# #.# * * ##g## * *
#.# ,


gg# * , #.# #ยง.# * , , * , #.# * #... * , ^ * .... *,* * <,.... , , ,....## *,
, , * You could see 4 gnolls.

Vanquished Creatures
  Duvessa (D:4)
  A gnoll sergeant (D:6)
  3 scorpions
  Dowan (D:4)
  A howler monkey (D:5)
  2 jellies (D:5)
  3 hounds
  Terence (D:2)
  2 iguanas
  Ijyb (D:3)
  5 gnolls (D:6)
  6 adders
  A white imp (D:5)
  An ufetubus (D:5)
  2 worms (D:2)
  2 dart slugs
  An orc (D:4)
  6 ball pythons
  2 bats
  9 endoplasms
  3 giant cockroaches
  8 goblins
  10 hobgoblins
  2 jackals (D:1)
  A quokka (D:1)
  4 frilled lizards
  4 kobolds
  5 rats
88 creatures vanquished.

Notes
Turn   | Place    | Note
-------+----------+-------------------------------------------
     0 | D:1      | lunkers the Meteoran Fighter began the quest for the Orb.
     0 | D:1      | Reached XP level 1. HP: 19/19 MP: 2/2
    42 | D:1      | Reached skill level 3 in Maces & Flails
    82 | D:1      | Found Erphez's Vocational Training.
    89 | D:1      | Reached XP level 2. HP: 26/26 MP: 3/3
   119 | D:1      | Reached skill level 4 in Maces & Flails
   143 | D:1      | Reached XP level 3. HP: 31/31 MP: 4/4
   375 | D:2      | Reached skill level 5 in Maces & Flails
   375 | D:2      | Reached XP level 4. HP: 17/38 MP: 5/5
   516 | D:2      | Noticed Terence
   522 | D:2      | Killed Terence
   523 | D:2      | Reached skill level 6 in Maces & Flails
   523 | D:2      | Reached XP level 5. HP: 31/45 MP: 6/6
   766 | D:3      | Reached skill level 7 in Maces & Flails
   826 | D:3      | Noticed Ijyb
   841 | D:3      | Killed Ijyb
   842 | D:3      | Reached XP level 6. HP: 51/51 MP: 7/7
  1095 | D:4      | Reached skill level 8 in Maces & Flails
  1119 | D:4      | Found a broken altar of Ashenzari.
  1119 | D:4      | Noticed Duvessa
  1119 | D:4      | Noticed Dowan
  1137 | D:4      | Killed Duvessa
  1138 | D:4      | Reached skill level 9 in Maces & Flails
  1138 | D:4      | Reached XP level 7. HP: 31/57 MP: 8/8
  1163 | D:4      | Killed Dowan
  1210 | D:4      | Became a worshipper of Ashenzari the Shackled
  1244 | D:5      | Entered Level 5 of the Dungeon
  1390 | D:5      | Reached skill level 10 in Maces & Flails
  1466 | D:5      | Reached XP level 8. HP: 63/63 MP: 9/9
  1512 | D:5      | Identified the +11 war axe "Ogre's Demise" {venom, *Noise
                  | rElec Will++}
  1513 | D:5      | Found a hazy altar of Hepliaklqana.
  1558 | D:5      | Reached skill level 1 in Axes
  1757 | D:6      | HP: 1/66 [poisoned by a gnoll sergeant]
  1757 | D:6      | Slain by a gnoll

Illustrated notes

Levels and vault maps discovered:
D:1:      ebering_trefoil_twist, layout_basic,
          shapermc_ecumenical_altar_pompeii, minivault_23, minivault_26,
          nicolae_shop_vocational
D:2:      layout_rooms, feat_on_display, uniq_terence
D:3:      layout_basic, uniq_ijyb, uniq_crazy_yiuf_cottage
D:4:      layout_basic, lemuel_tele_altar, serial_rivers,
          chequers_serial_rivers_micro_e, chequers_serial_rivers_small_b,
          chequers_serial_rivers_micro_a, chequers_serial_rivers_small_3,
          uniq_duvessa
D:5:      layout_basic, mainiacjoe_overflow_alcove_2, minmay_misc_feat_pillars,
          minmay_mini_ossuary
D:6:      layout_loops_cross, temple_green

Skill      XL: |  1  2  3  4  5  6  7  8 |
---------------+-------------------------+-----
Maces & Flails | 3 4 5 6 7 9 10 | 10.7
Axes           | 4 |  4.3
Fighting       | |  3.2
Armour         | |  3.6
Shields        | |  3.6

Action                   |  1- 3 |  4- 6 |  7- 9 || total
-------------------------+-------+-------+-------++-------
Melee: Flail             |    86 |    99 |    45 ||   230
       War axe           |       |       |    20 ||    20
Invok: Curse Item        |       |       |     1 ||     1
  Use: Potion            |       |     1 |     3 ||     4
Armor: Scale mail        |    51 |    36 |    35 ||   122
       Skin              |       |     7 |       ||     7
Dodge: Dodged            |    30 |    32 |    26 ||    88
Block: Buckler           |    17 |    17 |       ||    34

Table legend: (Time is in decaauts)
 A = Elapsed time spent in this place.
 B = Non-inter-level travel time spent in this place.
 C = Inter-level travel time spent in this place.
 D = Time resting spent in this place.
 E = Time spent auto-exploring this place.
 F = Levels seen in this place.
 G = Mean time per level.
                   A        B        C        D        E       F      G
               +--------+--------+--------+--------+--------+-----+--------+
         Total |   1784 |   1657 |    127 |      0 |   1023 |   6 |  297.3 |
       Dungeon |   1784 |   1657 |    127 |      0 |   1023 |   6 |  297.3 |
               +--------+--------+--------+--------+--------+-----+--------+

Top non-repeatable levels by time:
     D:2: 403 daAuts
     D:5: 384 daAuts
     D:3: 319 daAuts
     D:4: 309 daAuts
     D:1: 239 daAuts
     D:6: 128 daAuts
